Map: Orbital Shipyard

Players

Shasmo - Winner!

  • Race: Zerg Zerg
  • League: Grandmaster

wabbajack

  • Race: Zerg Zerg
  • League: Gold

VOD

Have the link to the VOD?

Description

Time

  • Played on: July 20, 2015, 11:54 a.m.
  • Length: 7:02
Show
View Real Time Build Order
Export as new Build Order

Shasmo Zerg - Winner!

Build Orders: Pool First 

Get SALT Encoding   

  12  0:01  Drone  
  13  0:13  Overlord  
  13  0:20  Drone  
  14  0:24  Drone, Extractor  
  15  0:32  Drone  
  16  0:37  Drone  
  17  0:43  Extractor  
  17  0:49  Spawning Pool  
  15  0:52  Drone  
  16  0:59  Drone  
  17  1:21  Hatchery  
  16  1:35  Queen  
  16  1:37  Zergling x2  
  16  1:38  Zergling x2  
  20  1:42  Zergling x2  
  21  1:50  Metabolic Boost  
  21  1:57  Overlord  
  21  2:05  Drone  
  22  2:15  Queen  
  24  2:27  Baneling Nest  
  23  2:30  Drone x2  
  23  2:36  Queen  
  27  2:39  Drone  
  27  3:04  Drone x3  
  27  3:05  Overlord  
  30  3:06  Drone  
  30  3:07  Drone x4  
  35  3:28  Evolution Chamber, Drone x4  
  35  3:29  Evolution Chamber, Drone  
  38  3:41  Drone x3  
  41  3:43  Drone  
  41  3:45  Extractor  
  41  3:53  Drone  
  41  3:54  Drone  
  41  3:55  Overlord x2  
  43  4:01  Roach Warren  
  42  4:16  Drone  
  42  4:17  Drone x4  
  44  4:21  Extractor  
  44  4:41  Overlord x4  
  44  4:47  Drone  
  44  4:48  Drone x2  
  44  4:49  Roach x6  
  59  5:02  Roach x7  
  73  5:12  Lair  
  73  5:18  Overlord  
  73  5:28  Hatchery  
  72  5:41  Roach x9  
  90  5:50  Overlord  
  90  5:51  Overlord  
  90  5:57  Drone  
  90  5:58  Drone  
  90  5:59  Extractor  
  90  6:00  Drone x2  
  89  6:14  Roach x6  
  91  6:19  Roach  
  91  6:20  Roach  
  81  6:41  Roach x2  
  81  6:42  Roach x5  
Show
View Real Time Build Order
Export as new Build Order

wabbajack Zerg 

Build Orders: Pool First 

Get SALT Encoding   

  12  0:01  Drone  
  13  0:09  Drone  
  14  0:14  Extractor  
  14  0:16  Drone  
  14  0:23  Drone, Extractor  
  15  0:37  Spawning Pool  
  14  0:45  Overlord  
  14  0:53  Drone, Extractor  
  15  1:12  Drone x3  
  18  1:24  Queen  
  20  1:29  Overlord  
  20  1:34  Zergling x2  
  21  1:43  Roach Warren  
  21  1:45  Drone  
  21  1:53  Spine Crawler  
  20  2:16  Drone  
  20  2:17  Drone x2  
  20  2:19  Spine Crawler  
  22  2:27  Overlord  
  22  2:43  Roach x2  
  22  2:44  Roach x2  
  30  2:55  Roach  
  32  3:05  Overlord  
  32  3:21  Hatchery  
  31  3:54  Overlord  
  31  3:59  Metabolic Boost  
  31  4:03  Queen  
  33  4:12  Drone  
  34  4:22  Roach  
  34  4:23  Roach x5  
  46  4:39  Drone x2  
  46  4:40  Drone x2  
  46  4:42  Drone  
  51  4:47  Spine Crawler  
  50  4:55  Roach x3  
  50  4:57  Overlord  
  50  4:58  Roach  
  50  4:59  Roach  
  60  5:04  Overlord  
  60  5:25  Zergling x2  
  60  5:26  Zergling x8  
  60  5:28  Overlord  
  65  5:37  Overlord  
  65  5:47  Overlord  
  65  5:48  Zergling x2  
  65  5:49  Zergling x12  
  72  6:10  Zergling x8  
  62  6:19  Zergling x2  
  62  6:20  Zergling x14  
  59  6:35  Zergling x2  
  59  6:36  Zergling x6  
Tags
 
Add a new tag
Caveats
  • Supply blocks, unpowered buildings, or Contaminate may cause inaccurate times.
  • Supply counts are checked every 10 seconds.